| TOP OF THE 1ST |
|
Manchester Fisher Cats batting - Pitching for Waterbury Rough Riders : RHP Steve Smith
|
|
Pitching: RHP Steve Smith
|
|
|
Batting: LHB Carlos Cabassa
|
0-0: Ball 1-0: Ball 2-0: Ball 3-0: Called Strike 3-1: Foul Ball, location: 2F 3-2: DOUBLE (Groundball, 3L, EV 105.6 MPH)
|
|
Batting: LHB Tim Derryberry
|
0-0: Ball 1-0: Swinging Strike 1-1: Swinging Strike 1-2: Ball 2-2: Foul Ball, location: 2F 2-2: Foul Ball, location: 2F 2-2: Ball 3-2: Foul Ball, location: 2F 3-2: Base on Balls
|
|
Batting: SHB Stan Javier
|
0-0: Ball 1-0: Ball 2-0: Ball 3-0: Base on Balls Carlos Cabassa to third Tim Derryberry to second
|
|
Batting: LHB Jessie Reid
|
0-0: Swinging Strike 0-1: Foul Ball, location: 2F 0-2: Ball 1-2: Ball 2-2: Foul Ball, location: 2F 2-2: Ball 3-2: Fly out, F7 (Flyball, 7D, EV 92.5 MPH) Runner from 3rd tags up, SCORES, no throw by LF
|
|
Batting: LHB Steve Hammond
|
0-0: Ball 1-0: Foul Ball, location: 2F 1-1: Grounds into double play, 6-4-3 (Groundball, 6, EV 103.1 MPH)
|
| Top of the 1st over - 1 run, 1 hit, 0 errors, 1 left on base; Manchester 1 - Waterbury 0 |
| BOTTOM OF THE 1ST |
|
Waterbury Rough Riders batting - Pitching for Manchester Fisher Cats : RHP Mitch Cook
|
|
Pitching: RHP Mitch Cook
|
|
|
Batting: RHB David Corman
|
0-0: Swinging Strike 0-1: Swinging Strike 0-2: Strikes out swinging
|
|
Batting: RHB Jack Fimple
|
0-0: Ball 1-0: Ball 2-0: SINGLE (Groundball, 6D, EV 100.0 MPH)
|
|
Batting: RHB Dave Wilder
|
0-0: Called Strike 0-1: Ball 1-1: Swinging Strike 1-2: Strikes out swinging
|
|
Batting: RHB Billy Beane
|
0-0: Called Strike 0-1: Swinging Strike 0-2: Ball 1-2: Ball 2-2: SINGLE (Line Drive, 6D, EV 96.3 MPH) Jack Fimple to second
|
|
Batting: RHB Junior Ortiz
|
0-0: Ball 1-0: Called Strike 1-1: Fly out, F4 (Popup, 4D, EV 63.8 MPH)
|
| Bottom of the 1st over - 0 runs, 2 hits, 0 errors, 2 left on base; Manchester 1 - Waterbury 0 |
| TOP OF THE 2ND |
|
Manchester Fisher Cats batting - Pitching for Waterbury Rough Riders : RHP Steve Smith
|
|
Batting: SHB Danny Hernandez
|
0-0: Called Strike 0-1: Swinging Strike 0-2: Ball 1-2: Foul Ball, location: 2F 1-2: Strikes out swinging
|
|
Batting: RHB Kevin Darst
|
0-0: Ball 1-0: Ball 2-0: Called Strike 2-1: Ball 3-1: Swinging Strike 3-2: Strikes out swinging
|
|
Batting: RHB Randy Johnson
|
0-0: Ball 1-0: Ball 2-0: Ball 3-0: Called Strike 3-1: Foul Ball, location: 2F 3-2: Ground out 4-3 (Groundball, 4, EV 84.4 MPH)
|
| Top of the 2nd over - 0 runs, 0 hits, 0 errors, 0 left on base; Manchester 1 - Waterbury 0 |
| BOTTOM OF THE 2ND |
|
Waterbury Rough Riders batting - Pitching for Manchester Fisher Cats : RHP Mitch Cook
|
|
Batting: RHB Daniel Purpura
|
0-0: Called Strike 0-1: DOUBLE (Line Drive, 8LXD, EV 107.5 MPH)
|
|
Batting: LHB Wilson Tucker
|
0-0: Ground out 6-3 (Groundball, 56, EV 108.8 MPH)
|
|
Batting: RHB Enrique Collado
|
0-0: Ground out 5-3 (Groundball, 56, EV 88.8 MPH)
|
|
Batting: RHB Jose Quiroz
|
0-0: Ball 1-0: Called Strike 1-1: Called Strike 1-2: Ball 2-2: Fly out, F6 (Popup, P, EV 74.4 MPH)
|
| Bottom of the 2nd over - 0 runs, 1 hit, 0 errors, 1 left on base; Manchester 1 - Waterbury 0 |
| TOP OF THE 3RD |
|
Manchester Fisher Cats batting - Pitching for Waterbury Rough Riders : RHP Steve Smith
|
|
Batting: RHB Reymundo Estevez
|
0-0: Swinging Strike 0-1: Swinging Strike 0-2: Strikes out swinging
|
|
Batting: LHB Carlos Cabassa
|
0-0: Ball 1-0: Called Strike 1-1: Ball 2-1: Ball 3-1: Called Strike 3-2: Foul Ball, location: 2F 3-2: Foul Ball, location: 2F 3-2: Base on Balls
|
|
Batting: LHB Tim Derryberry
|
0-0: Ball 1-0: Fly out, F5 (Popup, 56, EV 59.4 MPH)
|
|
Batting: SHB Stan Javier
|
0-0: Ball Carlos Cabassa steals 2nd base 1-0: Foul Ball, location: 2F 1-1: Swinging Strike 1-2: Foul Ball, location: 2F 1-2: Ball 2-2: Ball 3-2: Foul Ball, location: 2F 3-2: Foul Ball, location: 2F 3-2: Foul Ball, location: 2F 3-2: Fly out, F8 (Flyball, 8LXD, EV 93.1 MPH)
|
| Top of the 3rd over - 0 runs, 0 hits, 0 errors, 1 left on base; Manchester 1 - Waterbury 0 |
| BOTTOM OF THE 3RD |
|
Waterbury Rough Riders batting - Pitching for Manchester Fisher Cats : RHP Mitch Cook
|
|
Batting: RHB David Corman
|
0-0: Called Strike 0-1: Foul Ball, location: 2F 0-2: Foul Ball, location: 2F 0-2: Foul Ball, location: 2F 0-2: Ball 1-2: Ground out 4-3 (Groundball, 4, EV 102.5 MPH)
|
|
Batting: RHB Jack Fimple
|
0-0: Foul Ball, location: 2F 0-1: Foul Ball, location: 2F 0-2: Strikes out looking
|
|
Batting: RHB Dave Wilder
|
0-0: Ball 1-0: Ball 2-0: Ball 3-0: Base on Balls
|
|
Batting: RHB Billy Beane
|
0-0: Ball 1-0: Ground out 5-3 (Groundball, 5S, EV 90.0 MPH)
|
| Bottom of the 3rd over - 0 runs, 0 hits, 0 errors, 1 left on base; Manchester 1 - Waterbury 0 |
| TOP OF THE 4TH |
|
Manchester Fisher Cats batting - Pitching for Waterbury Rough Riders : RHP Steve Smith
|
|
Batting: LHB Jessie Reid
|
0-0: Called Strike 0-1: Ball 1-1: Fly out, F4 (Popup, 34, EV 75.0 MPH)
|
|
Batting: LHB Steve Hammond
|
0-0: Fly out, F7 (Flyball, 7LM, EV 93.8 MPH)
|
|
Batting: SHB Danny Hernandez
|
0-0: Ball 1-0: Called Strike 1-1: Ball 2-1: Ground out 4-3 (Groundball, 4, EV 85.0 MPH)
|
| Top of the 4th over - 0 runs, 0 hits, 0 errors, 0 left on base; Manchester 1 - Waterbury 0 |
| BOTTOM OF THE 4TH |
|
Waterbury Rough Riders batting - Pitching for Manchester Fisher Cats : RHP Mitch Cook
|
|
Batting: RHB Junior Ortiz
|
0-0: Ball 1-0: Ground out 5-3 (Groundball, 56, EV 83.1 MPH)
|
|
Batting: RHB Daniel Purpura
|
0-0: SINGLE (Line Drive, 34D, EV 111.3 MPH)
|
|
Batting: LHB Wilson Tucker
|
0-0: Called Strike 0-1: Ball 1-1: Foul Ball, location: 2F 1-2: Foul Ball, location: 2F 1-2: Foul Ball, location: 2F 1-2: Ball 2-2: Reached on error, E5 (Groundball, 5S, EV 78.8 MPH) Daniel Purpura to second
|
|
Batting: RHB Enrique Collado
|
0-0: Fly out, F7 (Line Drive, 7, EV 87.5 MPH)
|
|
Batting: RHB Jose Quiroz
|
0-0: Swinging Strike 0-1: Ball 1-1: Fly out, F8 (Flyball, 8RD, EV 97.5 MPH)
|
| Bottom of the 4th over - 0 runs, 1 hit, 1 error, 2 left on base; Manchester 1 - Waterbury 0 |
| TOP OF THE 5TH |
|
Manchester Fisher Cats batting - Pitching for Waterbury Rough Riders : RHP Steve Smith
|
|
Now at 2B: Paul Gbur
|
|
|
Batting: RHB Kevin Darst
|
0-0: Ball 1-0: Swinging Strike 1-1: Ball 2-1: Foul Ball, location: 2F 2-2: Ball 3-2: Strikes out swinging
|
|
Batting: RHB Randy Johnson
|
0-0: Foul Ball, location: 2F 0-1: Ball 1-1: Ball 2-1: Fly out, F8 (Flyball, 89D, EV 71.9 MPH)
|
|
Batting: RHB Reymundo Estevez
|
0-0: Called Strike 0-1: Foul Ball, location: 2F 0-2: Ball 1-2: Ball 2-2: Ball 3-2: Ground out U3 (Groundball, 3, EV 85.6 MPH)
|
| Top of the 5th over - 0 runs, 0 hits, 0 errors, 0 left on base; Manchester 1 - Waterbury 0 |
| BOTTOM OF THE 5TH |
|
Waterbury Rough Riders batting - Pitching for Manchester Fisher Cats : RHP Mitch Cook
|
|
Batting: SHB Paul Gbur
|
0-0: Ball 1-0: Swinging Strike 1-1: Ball 2-1: Ball 3-1: Base on Balls
|
|
Batting: RHB Jack Fimple
|
0-0: Ball 1-0: Ball 2-0: Swinging Strike 2-1: Fielders Choice at 2nd, 6-4 (Groundball, 6M, EV 92.5 MPH)
|
|
Batting: RHB Dave Wilder
|
0-0: Called Strike 0-1: Ball 1-1: Ball 2-1: Fly out, F9 (Flyball, 9, EV 88.1 MPH)
|
|
Batting: RHB Billy Beane
|
0-0: Ball 1-0: Called Strike 1-1: Called Strike 1-2: Strikes out swinging
|
| Bottom of the 5th over - 0 runs, 0 hits, 0 errors, 1 left on base; Manchester 1 - Waterbury 0 |
| TOP OF THE 6TH |
|
Manchester Fisher Cats batting - Pitching for Waterbury Rough Riders : RHP Steve Smith
|
|
Batting: LHB Carlos Cabassa
|
0-0: Ball 1-0: Called Strike 1-1: Ball 2-1: Ball 3-1: Base on Balls
|
|
Batting: LHB Tim Derryberry
|
0-0: Sac Bunt to 2L - play at first, batter OUT! 2-3 Carlos Cabassa to second
|
|
Batting: SHB Stan Javier
|
0-0: Intentional Walk
|
|
Batting: LHB Jessie Reid
|
0-0: Foul Ball, location: 2F 0-1: Fly out, F7 (Line Drive, 7, EV 85.0 MPH)
|
|
Batting: LHB Steve Hammond
|
0-0: Foul Ball, location: 2F 0-1: Fly out, F6 (Line Drive, 6, EV 66.3 MPH)
|
| Top of the 6th over - 0 runs, 0 hits, 0 errors, 2 left on base; Manchester 1 - Waterbury 0 |
| BOTTOM OF THE 6TH |
|
Waterbury Rough Riders batting - Pitching for Manchester Fisher Cats : RHP Mitch Cook
|
|
Batting: RHB Junior Ortiz
|
0-0: Ball 1-0: Ground out 5-3 (Groundball, 5, EV 84.4 MPH)
|
|
Batting: RHB Daniel Purpura
|
0-0: Called Strike 0-1: Swinging Strike 0-2: Strikes out swinging
|
|
Batting: LHB Wilson Tucker
|
0-0: Called Strike 0-1: Swinging Strike 0-2: Ground out 4-3 (Groundball, 4, EV 100.0 MPH)
|
| Bottom of the 6th over - 0 runs, 0 hits, 0 errors, 0 left on base; Manchester 1 - Waterbury 0 |
| TOP OF THE 7TH |
|
Manchester Fisher Cats batting - Pitching for Waterbury Rough Riders : RHP Steve Smith
|
|
Batting: SHB Danny Hernandez
|
0-0: Foul Ball, location: 2F 0-1: Swinging Strike 0-2: Ball 1-2: Ball 2-2: Foul Ball, location: 2F 2-2: Foul Ball, location: 2F 2-2: Foul Ball, location: 2F 2-2: Strikes out swinging
|
|
Batting: RHB Kevin Darst
|
0-0: Called Strike 0-1: Ball 1-1: Called Strike 1-2: Ground out 5-3 (Groundball, 56, EV 76.3 MPH)
|
|
Batting: RHB Randy Johnson
|
0-0: Foul Ball, location: 2F 0-1: Called Strike 0-2: Ground out 6-3 (Groundball, 6MS, EV 88.1 MPH)
|
| Top of the 7th over - 0 runs, 0 hits, 0 errors, 0 left on base; Manchester 1 - Waterbury 0 |
| BOTTOM OF THE 7TH |
|
Waterbury Rough Riders batting - Pitching for Manchester Fisher Cats : RHP Mitch Cook
|
|
Batting: RHB Enrique Collado
|
0-0: Foul Ball, location: 2F 0-1: Fly out, F8 (Flyball, 8RXD, EV 96.3 MPH)
|
|
Batting: RHB Jose Quiroz
|
0-0: Fly out, F7 (Flyball, 7LD, EV 89.4 MPH)
|
|
Batting: SHB Paul Gbur
|
0-0: Called Strike 0-1: Ball 1-1: Foul Ball, location: 2F 1-2: Strikes out swinging
|
| Bottom of the 7th over - 0 runs, 0 hits, 0 errors, 0 left on base; Manchester 1 - Waterbury 0 |
| TOP OF THE 8TH |
|
Manchester Fisher Cats batting - Pitching for Waterbury Rough Riders : RHP Steve Smith
|
|
Batting: RHB Reymundo Estevez
|
0-0: Fly out, F8 (Line Drive, 8RD, EV 103.1 MPH)
|
|
Batting: LHB Carlos Cabassa
|
0-0: Ball 1-0: Foul Ball, location: 2F 1-1: Swinging Strike 1-2: Ball 2-2: Ball 3-2: Base on Balls
|
|
Batting: LHB Tim Derryberry
|
0-0: Ball 1-0: Swinging Strike 1-1: Ball 2-1: Ball 3-1: Called Strike 3-2: Strikes out swinging
|
|
Batting: SHB Stan Javier
|
0-0: Ball Carlos Cabassa is caught stealing 2nd base 2-6
|
| Top of the 8th over - 0 runs, 0 hits, 0 errors, 0 left on base; Manchester 1 - Waterbury 0 |
| BOTTOM OF THE 8TH |
|
Waterbury Rough Riders batting - Pitching for Manchester Fisher Cats : RHP Mitch Cook
|
|
Now at 1B: Joe Citari
|
|
|
Now in CF: Paul Croft
|
|
|
Batting: RHB Jack Fimple
|
0-0: Foul Ball, location: 2F 0-1: Ball 1-1: Ball 2-1: Ball 3-1: Base on Balls
|
|
Batting: RHB Dave Wilder
|
0-0: Swinging Strike 0-1: Ball 1-1: Foul Ball, location: 2F 1-2: Foul Ball, location: 2F 1-2: Grounds into double play, 5-4-3 (Groundball, 56, EV 90.0 MPH)
|
|
Batting: RHB Billy Beane
|
0-0: Ball 1-0: Ball 2-0: Ball 3-0: Called Strike 3-1: Base on Balls
|
|
Batting: RHB Junior Ortiz
|
0-0: Ball 1-0: Swinging Strike 1-1: Ball Wild Pitch! Billy Beane to second 2-1: Called Strike 2-2: Ball 3-2: Foul Ball, location: 2F 3-2: Foul Ball, location: 2F 3-2: DOUBLE (Line Drive, 89D, EV 106.3 MPH) Billy Beane scores
|
|
Pitching: RHP Stephen Marsden
|
|
|
Batting: RHB Daniel Purpura
|
0-0: Fly out, F3 (Popup, 3SF, EV 70.6 MPH)
|
| Bottom of the 8th over - 1 run, 1 hit, 0 errors, 1 left on base; Manchester 1 - Waterbury 1 |
| TOP OF THE 9TH |
|
Manchester Fisher Cats batting - Pitching for Waterbury Rough Riders : RHP Steve Smith
|
|
Pitching: RHP Marcial Abreu
|
|
|
Batting: SHB Stan Javier
|
0-0: Called Strike 0-1: Ball 1-1: Foul Ball, location: 2F 1-2: Ball 2-2: Ball 3-2: TRIPLE (Flyball, 89XD, EV 106.9 MPH)
|
|
Batting: LHB Jessie Reid
|
0-0: Ball 1-0: Ball 2-0: Called Strike 2-1: Swinging Strike 2-2: Strikes out swinging
|
|
Batting: LHB Steve Hammond
|
0-0: Ball 1-0: Ground out 4-3 (Groundball, 4, EV 103.8 MPH)
|
|
Batting: SHB Danny Hernandez
|
0-0: Swinging Strike 0-1: Ground out 4-3 (Groundball, 4M, EV 87.5 MPH)
|
| Top of the 9th over - 0 runs, 1 hit, 0 errors, 1 left on base; Manchester 1 - Waterbury 1 |
| BOTTOM OF THE 9TH |
|
Waterbury Rough Riders batting - Pitching for Manchester Fisher Cats : RHP Stephen Marsden
|
|
Batting: LHB Wilson Tucker
|
0-0: Ball 1-0: Called Strike 1-1: Foul Ball, location: 2F 1-2: Fly out, F8 (Flyball, 8LM, EV 74.4 MPH)
|
|
Pinch Hitting: LHB David Blume
|
0-0: Called Strike 0-1: Ball 1-1: Ball 2-1: Foul Ball, location: 2F 2-2: Ground out 6-3 (Groundball, 6, EV 92.5 MPH)
|
|
Batting: RHB Jose Quiroz
|
0-0: Called Strike 0-1: Ball 1-1: Foul Ball, location: 2F 1-2: Ground out 6-3 (Groundball, 6, EV 86.9 MPH)
|
| Bottom of the 9th over - 0 runs, 0 hits, 0 errors, 0 left on base; Manchester 1 - Waterbury 1 |
| TOP OF THE 10TH |
|
Manchester Fisher Cats batting - Pitching for Waterbury Rough Riders : RHP Marcial Abreu
|
|
Now in LF: Steven Trumbauer
|
|
|
Batting: RHB Joe Citari
|
0-0: Ball 1-0: Ball 2-0: Called Strike 2-1: Foul Ball, location: 2F 2-2: Ball 3-2: Base on Balls
|
|
Pinch Hitting: LHB Mike Ciampa
|
0-0: Bunt missed! 0-1: Bunt - Flyout to 3S - DP at third! 3-4
|
|
Batting: RHB Reymundo Estevez
|
0-0: Ball 1-0: Ball 2-0: Ball 3-0: Called Strike 3-1: Called Strike 3-2: Base on Balls
|
|
Batting: LHB Carlos Cabassa
|
0-0: Ball 1-0: Fly out, F8 (Flyball, 78M, EV 85.0 MPH)
|
| Top of the 10th over - 0 runs, 0 hits, 0 errors, 1 left on base; Manchester 1 - Waterbury 1 |
| BOTTOM OF THE 10TH |
|
Waterbury Rough Riders batting - Pitching for Manchester Fisher Cats : RHP Stephen Marsden
|
|
Pitching: RHP Chris Davis
|
|
|
Now at 3B: Gary Holden
|
|
|
Batting: SHB Paul Gbur
|
0-0: Fly out, F8 (Flyball, 8LD, EV 88.1 MPH)
|
|
Batting: RHB Jack Fimple
|
0-0: Called Strike 0-1: Ball 1-1: Ball 2-1: Swinging Strike 2-2: Foul Ball, location: 2F 2-2: Foul Ball, location: 2F 2-2: Ball 3-2: Foul Ball, location: 2F 3-2: Ground out 4-3 (Groundball, 4, EV 106.9 MPH)
|
|
Batting: RHB Dave Wilder
|
0-0: Called Strike 0-1: Ball 1-1: Foul Ball, location: 2F 1-2: Ball 2-2: Ball 3-2: Foul Ball, location: 2F 3-2: DOUBLE (Line Drive, 7LS, EV 100.6 MPH)
|
|
Pitching: RHP Peter Teixeira
|
|
|
Batting: RHB Billy Beane
|
0-0: Called Strike 0-1: Foul Ball, location: 2F 0-2: Strikes out swinging
|
| Bottom of the 10th over - 0 runs, 1 hit, 0 errors, 1 left on base; Manchester 1 - Waterbury 1 |
| TOP OF THE 11TH |
|
Manchester Fisher Cats batting - Pitching for Waterbury Rough Riders : RHP Marcial Abreu
|
|
Batting: RHB Paul Croft
|
0-0: SINGLE (Flyball, 34D, EV 93.8 MPH)
|
|
Batting: SHB Stan Javier
|
0-0: Called Strike 0-1: Ball 1-1: Called Strike 1-2: Foul Ball, location: 2F 1-2: Fielders Choice at 2nd, 6-4 (Groundball, 6M, EV 103.8 MPH)
|
|
Batting: LHB Jessie Reid
|
0-0: Ball 1-0: Ball 2-0: Fly out, F7 (Flyball, 7, EV 84.4 MPH)
|
|
Batting: LHB Steve Hammond
|
0-0: Called Strike 0-1: Ball 1-1: Called Strike 1-2: Foul Ball, location: 2F 1-2: Ball 2-2: TRIPLE (Line Drive, 89XD, EV 101.9 MPH) Stan Javier scores
|
|
Batting: SHB Danny Hernandez
|
0-0: Ball 1-0: Ball 2-0: Ground out 4-3 (Groundball, 4, EV 80.6 MPH)
|
| Top of the 11th over - 1 run, 2 hits, 0 errors, 1 left on base; Manchester 2 - Waterbury 1 |
| BOTTOM OF THE 11TH |
|
Waterbury Rough Riders batting - Pitching for Manchester Fisher Cats : RHP Peter Teixeira
|
|
Now at C: Buddy Pryor
|
|
|
Now in RF: Mel Hall
|
|
|
Batting: RHB Junior Ortiz
|
0-0: Swinging Strike 0-1: Ground out 6-3 (Groundball, 56, EV 88.8 MPH)
|
|
Batting: RHB Daniel Purpura
|
0-0: Fly out, F8 (Line Drive, 8RD, EV 95.6 MPH)
|
|
Batting: LHB Wilson Tucker
|
0-0: Ball 1-0: Ball 2-0: Called Strike 2-1: Fly out, F6 (Popup, 6MD, EV 60.6 MPH)
|
| Bottom of the 11th over - 0 runs, 0 hits, 0 errors, 0 left on base; Manchester 2 - Waterbury 1 |
|